 Dungeon Crawl Stone Soup version 0.28-a0-1167-g616b1c6417 (webtiles) character file.

Game seed: 3001320633017765224

66 Ijustatesigmund the Covered (level 4, -4/29 HPs)
             Began as a Gargoyle Fighter on Dec 16, 2021.
             Slain by an ice beast (8 damage)
             ... on level 2 of the Dungeon.
             The game lasted 00:02:57 (2503 turns).

Ijustatesigmund the Covered (Gargoyle Fighter)      Turns: 2503, Time: 00:02:57

Health: -4/29      AC: 12    Str: 19    XL:     4   Next: 15%
Magic:  4/4        EV:  9    Int: 11    God:
Gold:   102        SH:  4    Dex:  9    Spells: 3/3 levels left

rFire   . . .      SeeInvis .   a - +0 flail
rCold   . . .      Faith    .   c - +0 buckler
rNeg    + . .      Spirit   .   b - +0 scale mail
rPois   ∞          Reflect  .   h - +1 helmet
rElec   +          Harm     .   (no cloak)
rCorr   .          Rampage  .   (no gloves)
Will    .....                   (no boots)
Stlth   ..........              (no amulet)
HPRegen 0.09/turn               (no ring)
MPRegen 0.09/turn               (no ring)

@: mighty
A: sickness immunity, AC +3, negative energy resistance 1, electricity
resistance, torment resistance 1, petrification resistance
a: no special abilities


You were on level 2 of the Dungeon.
You visited 1 branch of the dungeon, and saw 3 of its levels.

You collected 102 gold pieces.

Inventory:

Hand Weapons
 a - a +0 flail (weapon)
Armour
 b - a +0 scale mail (worn)
 c - a +0 buckler (worn)
 h - a +1 helmet (worn)
Potions
 e - a potion of cancellation
 f - a potion of curing
 j - a potion of degeneration {unknown}
 k - a potion of ambrosia {unknown}


   Skills:
 + Level 4.1 Fighting
 + Level 2.9 Maces & Flails
 + Level 4.1 Armour
 - Level 3.2 Shields


You had 3 spell levels left.
You didn't know any spells.
Your spell library was empty.

Dungeon Overview and Level Annotations

Branches:
Dungeon (3/15)

Altars:


Innate Abilities, Weirdness & Mutations

You are immune to sickness and miasma.
Your stone body is resilient. (AC +3)
You are immune to poison.
You resist negative energy. (rN+)
You are resistant to electric shocks. (rElec)
You are resistant to unholy torment.
You are immune to petrification.


Message History

You kill the orc!
No target in view!
No target in view!
No target in view!
No target in view!
No target in view!
No target in view!
You start resting.
HP restored.
(D) Dungeon
Where to? (Enter - D:3, ? - help)
Items here: ( )) [ ††.
There is a stone staircase leading down here.
You climb downwards.
The ice beast hits you but does no damage.
There is a stone staircase leading up here.
The ice beast hits you. The ice beast freezes you!
You climb upwards.
There is a stone staircase leading down here.
You feel very mighty all of a sudden.
The ice beast hits you but does no damage.
Your scale mail prevents you from hitting the ice beast.
The ice beast hits you but does no damage.
You barely miss the ice beast. The ice beast barely misses you.
The ice beast hits you but does no damage.
You barely miss the ice beast.
The ice beast hits you but does no damage.
You hit the ice beast.
The ice beast is lightly wounded.
You block the ice beast's attack.
You sock the ice beast!
The ice beast is heavily wounded.
The ice beast hits you. The ice beast freezes you.
* * * LOW HITPOINT WARNING * * *
You barely miss the ice beast.
The ice beast is heavily wounded.
The ice beast hits you.
* * * LOW HITPOINT WARNING * * *
The ice beast freezes you!
You die...

#.....####
######.....#################
...........................#
#.....##########.....####..#
#.##### #.....####.## #.#
###..##....# ..#
##......#### ..###
#####.<..#### ....##
###....@†#.# ###### ###÷.#
#...#..Y..)####....# ##.#
###.###.(.........##.#
#.###...##.........#####.#
####..##.####........## #.#
##............######.# #.#
....##..#####[# #.# ##.#
##.####.## ##.# #.# #..#
#..# #..###..# #.# #.##


You could see an ice beast.

Vanquished Creatures
  An adder (D:2)
  A dart slug (D:1)
  3 orcs (D:2)
  3 ball pythons
  5 endoplasms (D:1)
  2 giant cockroaches (D:1)
  4 goblins
  6 hobgoblins
  2 jackals (D:1)
  2 quokkas
  5 bats
  2 frilled lizards
  4 kobolds
  6 rats
46 creatures vanquished.

Notes
Turn   | Place    | Note
-------+----------+-------------------------------------------
     0 | D:1      | Ijustatesigmund the Gargoyle Fighter began the quest for
                  | the Orb.
     0 | D:1      | Reached XP level 1. HP: 14/14 MP: 1/1
   215 | D:1      | Reached XP level 2. HP: 3/19 MP: 2/2
  1100 | D:1      | Reached XP level 3. HP: 19/24 MP: 3/3
  1242 | D:1      | Found a faded altar of an unknown god.
  2240 | D:2      | Reached XP level 4. HP: 29/29 MP: 4/4
  2432 | D:3      | Noticed an ice beast
  2503 | D:2      | Slain by an ice beast

Illustrated notes

Levels and vault maps discovered:
D:1:      dpeg_chamrin_arrival_tetris, layout_loops_ring,
          chequers_ecumenical_altar_simple, st_stairs_13
D:2:      layout_rooms
D:3:      layout_basic, corexii_shack, uniq_robin, uniq_jessica

Skill      XL: |  1  2  3 |
---------------+----------+-----
Fighting       | 4 |  4.1
Armour         | 4 |  4.1
Maces & Flails | |  2.9
Shields        | |  3.2

Action                   |  1- 3 |  4- 6 || total
-------------------------+-------+-------++-------
Melee: Flail             |   141 |    25 ||   166
  Use: Scroll            |     3 |     2 ||     5
       Potion            |       |     1 ||     1
Armor: Scale mail        |    86 |    19 ||   105
Dodge: Dodged            |    88 |    15 ||   103
Block: Buckler           |    26 |     9 ||    35

Table legend: (Time is in decaauts)
 A = Elapsed time spent in this place.
 B = Non-inter-level travel time spent in this place.
 C = Inter-level travel time spent in this place.
 D = Time resting spent in this place.
 E = Time spent auto-exploring this place.
 F = Levels seen in this place.
 G = Mean time per level.
                   A        B        C        D        E       F      G
               +--------+--------+--------+--------+--------+-----+--------+
         Total |   2554 |   2488 |     66 |    626 |   1484 |   3 |  851.3 |
       Dungeon |   2554 |   2488 |     66 |    626 |   1484 |   3 |  851.3 |
               +--------+--------+--------+--------+--------+-----+--------+

Top non-repeatable levels by time:
     D:1: 1892 daAuts
     D:2: 652 daAuts
     D:3: 9 daAuts
